ITL
AMARILLO ARCHDUKES @ TRENTON STARS
06/09/2025
 
TOP OF THE 1ST
Amarillo Archdukes batting - Pitching for Trenton Stars : RHP Juan Aguilar
Pitching: RHP Juan Aguilar
Batting: RHB Ron James 0-0: DOUBLE (Line Drive, 9LS)
Batting: LHB Chris Pryor 0-0: SINGLE (Popup, 56D)
Ron James to third
Batting: SHB Víctor Serrano 0-0: Called Strike
0-1: Ball
1-1: Ball
2-1: Fly out, F6 (Popup, 5F)
Batting: LHB Ethan Marshall 0-0: Called Strike
0-1: Ball
1-1: Fielders Choice at 2nd, U4 (Groundball, 4M)
Ron James scores
Batting: RHB Jorge Espinosa 0-0: Swinging Strike
0-1: Ball
1-1: Called Strike
1-2: Strikes out looking
Top of the 1st over - 1 run(s), 2 hit(s), 0 error(s), 1 left on base; Amarillo 1 - Trenton 0
BOTTOM OF THE 1ST
Trenton Stars batting - Pitching for Amarillo Archdukes : RHP José Abacil
Pitching: RHP José Abacil
Batting: LHB Felipe Guerrero 0-0: Ball
1-0: Ball
2-0: Foul Ball, location: 2F
2-1: Ball
3-1: Base on Balls
Batting: RHB Felipe Olivas 0-0: Called Strike
0-1: Ball
1-1: Ball
2-1: Ball
3-1: Base on Balls
Felipe Guerrero to second
Batting: RHB Salvador Gonzáles 0-0: Ball
1-0: SINGLE (Groundball, 3)
Felipe Guerrero to third
Felipe Olivas to second
Batting: RHB Clancy Booker 0-0: Ball
1-0: Ball
2-0: Ball
3-0: Base on Balls
Felipe Guerrero scores
Felipe Olivas to third
Salvador Gonzáles to second
Batting: LHB Ju-wei Shiu 0-0: Ball
1-0: Foul Ball, location: 2F
1-1: Called Strike
1-2: GRAND SLAM HOME RUN (Flyball, 9D), Distance : 360 ft
Batting: RHB Rafael Canales 0-0: Ball
1-0: Swinging Strike
1-1: Ball
2-1: Ball
3-1: SINGLE (Flyball, 4MD)
Batting: RHB Nick Bowman 0-0: Ball
1-0: Ball
2-0: Ball
3-0: Called Strike
3-1: Swinging Strike
3-2: Base on Balls
Rafael Canales to second
Batting: LHB Alberto Gómez 0-0: Ball
1-0: Ball
2-0: Swinging Strike
2-1: Ball
3-1: Base on Balls
Rafael Canales to third
Nick Bowman to second
Batting: SHB Rafael Villa 0-0: Ball
1-0: Ball
2-0: SINGLE (Groundball, 6MD)
Rafael Canales scores
Nick Bowman to third
Alberto Gómez to second
Batting: LHB Felipe Guerrero 0-0: Called Strike
0-1: Ball
1-1: Swinging Strike
1-2: Fly out, F6 (Popup, 56D)
Batting: RHB Felipe Olivas 0-0: Ball
1-0: Fly out, F7 (Flyball, 7LM)
Runner from 3rd tags up, SCORES, throw made
Batting: RHB Salvador Gonzáles 0-0: Ball
1-0: Ball
2-0: Ground out 6-3 (Groundball, 6)
Bottom of the 1st over - 7 run(s), 4 hit(s), 0 error(s), 2 left on base; Amarillo 1 - Trenton 7
TOP OF THE 2ND
Amarillo Archdukes batting - Pitching for Trenton Stars : RHP Juan Aguilar
Batting: RHB Mark Roy 0-0: Foul Ball, location: 2F
0-1: Swinging Strike
0-2: Ball
1-2: DOUBLE (Line Drive, 9LS)
Batting: RHB Dong-kwan Han 0-0: Ball
1-0: Foul Ball, location: 2F
1-1: Foul Ball, location: 2F
1-2: Ball
2-2: Ball
3-2: Ground out 6-3 (Groundball, 6)
Batting: RHB Matt Richards 0-0: Called Strike
0-1: Ball
1-1: Ground out 6-3 (Groundball, 6)
Batting: SHB Chris Griffith 0-0: Fly out, F7 (Flyball, 78D)
Top of the 2nd over - 0 run(s), 1 hit(s), 0 error(s), 1 left on base; Amarillo 1 - Trenton 7
BOTTOM OF THE 2ND
Trenton Stars batting - Pitching for Amarillo Archdukes : RHP José Abacil
Batting: RHB Clancy Booker 0-0: Foul Ball, location: 2F
0-1: Ball
1-1: Ball
2-1: DOUBLE (Flyball, 89D)
Batting: LHB Ju-wei Shiu 0-0: Called Strike
0-1: Ball
1-1: Ball
2-1: Ball
3-1: Base on Balls
Batting: RHB Rafael Canales 0-0: Foul Ball, location: 2F
0-1: Foul Ball, location: 2F
0-2: Strikes out looking
Batting: RHB Nick Bowman 0-0: 3-RUN HOME RUN (Flyball, 8LXD), Distance : 424 ft
Pitching: RHP Álex Serrea
Batting: LHB Alberto Gómez 0-0: Called Strike
0-1: Fly out, F8 (Flyball, 8LXD)
Batting: SHB Rafael Villa 0-0: SINGLE (Groundball, 34)
Batting: LHB Felipe Guerrero 0-0: Called Strike
0-1: Ground out 4-3 (Groundball, 4)
Bottom of the 2nd over - 3 run(s), 3 hit(s), 0 error(s), 1 left on base; Amarillo 1 - Trenton 10
TOP OF THE 3RD
Amarillo Archdukes batting - Pitching for Trenton Stars : RHP Juan Aguilar
Batting: RHB Ron James 0-0: Ball
1-0: Foul Ball, location: 2F
1-1: Ball
2-1: DOUBLE (Line Drive, 5D)
Batting: LHB Chris Pryor 0-0: Foul Ball, location: 2F
0-1: Ball
1-1: Ground out 3-1 (Groundball, 34S)
Ron James to third
Batting: SHB Víctor Serrano 0-0: Called Strike
0-1: Ball
Passed Ball!
Ron James scores
1-1: Ball
2-1: Ball
3-1: Base on Balls
Batting: LHB Ethan Marshall 0-0: Called Strike
0-1: Foul Ball, location: 2F
0-2: Strikes out looking
Batting: RHB Jorge Espinosa 0-0: Swinging Strike
0-1: Ground out 4-3 (Groundball, 4)
Top of the 3rd over - 1 run(s), 1 hit(s), 0 error(s), 1 left on base; Amarillo 2 - Trenton 10
BOTTOM OF THE 3RD
Trenton Stars batting - Pitching for Amarillo Archdukes : RHP Álex Serrea
Batting: RHB Felipe Olivas 0-0: Ball
1-0: Swinging Strike
1-1: Ground out 6-3 (Groundball, 6M)
Batting: RHB Salvador Gonzáles 0-0: Called Strike
0-1: Ball
1-1: Ball
2-1: Ball
3-1: Foul Ball, location: 2F
3-2: Fly out, F9 (Line Drive, 9S)
Batting: RHB Clancy Booker 0-0: Ball
1-0: Swinging Strike
1-1: SINGLE (Line Drive, 4M)
Batting: LHB Ju-wei Shiu 0-0: Foul Ball, location: 2F
0-1: Ball
1-1: Swinging Strike
1-2: Foul Ball, location: 2F
1-2: Strikes out swinging
Bottom of the 3rd over - 0 run(s), 1 hit(s), 0 error(s), 1 left on base; Amarillo 2 - Trenton 10
TOP OF THE 4TH
Amarillo Archdukes batting - Pitching for Trenton Stars : RHP Juan Aguilar
Batting: RHB Mark Roy 0-0: Called Strike
0-1: Ball
1-1: Ball
2-1: Foul Ball, location: 2F
2-2: Ball
3-2: Strikes out swinging
Batting: RHB Dong-kwan Han 0-0: Ball
1-0: Called Strike
1-1: Fly out, F9 (Flyball, 89XD)
Batting: RHB Matt Richards 0-0: Called Strike
0-1: Ball
1-1: Foul Ball, location: 2F
1-2: Foul Ball, location: 2F
1-2: Strikes out looking
Top of the 4th over - 0 run(s), 0 hit(s), 0 error(s), 0 left on base; Amarillo 2 - Trenton 10
BOTTOM OF THE 4TH
Trenton Stars batting - Pitching for Amarillo Archdukes : RHP Álex Serrea
Batting: RHB Rafael Canales 0-0: Called Strike
0-1: Foul Ball, location: 2F
0-2: Ball
1-2: Foul Ball, location: 2F
1-2: Ball
2-2: SINGLE (Line Drive, 34D)
Batting: RHB Nick Bowman 0-0: Called Strike
0-1: Ball
1-1: DOUBLE (Flyball, 8LD)
Rafael Canales to third
Batting: LHB Alberto Gómez 0-0: Ball
1-0: Ball
2-0: Foul Ball, location: 2F
2-1: SINGLE (Flyball, 7S)
Rafael Canales scores
Nick Bowman to third
Batting: SHB Rafael Villa 0-0: Ball
1-0: Ground out 4-3 (Groundball, 4S)
Nick Bowman scores
Alberto Gómez to second
Batting: LHB Felipe Guerrero 0-0: Ball
1-0: SINGLE (Line Drive, 8LS)
Alberto Gómez to third
Batting: RHB Felipe Olivas 0-0: Called Strike
0-1: Ball
1-1: Swinging Strike
1-2: Foul Ball, location: 2F
1-2: Strikes out looking
Batting: RHB Salvador Gonzáles 0-0: Ground out 4-3 (Groundball, 13)
Bottom of the 4th over - 2 run(s), 4 hit(s), 0 error(s), 2 left on base; Amarillo 2 - Trenton 12
TOP OF THE 5TH
Amarillo Archdukes batting - Pitching for Trenton Stars : RHP Juan Aguilar
Batting: SHB Chris Griffith 0-0: Fly out, F9 (Line Drive, 9M)
Batting: RHB Ron James 0-0: Ball
1-0: Called Strike
1-1: Ball
2-1: Fly out, F5 (Line Drive, 5L)
Batting: LHB Chris Pryor 0-0: Swinging Strike
0-1: Foul Ball, location: 2F
0-2: Ground out 1-3 (Groundball, 13S)
Top of the 5th over - 0 run(s), 0 hit(s), 0 error(s), 0 left on base; Amarillo 2 - Trenton 12
BOTTOM OF THE 5TH
Trenton Stars batting - Pitching for Amarillo Archdukes : RHP Álex Serrea
Batting: RHB Clancy Booker 0-0: Swinging Strike
0-1: SINGLE (Groundball, 56D) (infield hit)
Batting: LHB Ju-wei Shiu 0-0: Ball
1-0: Ball
2-0: Called Strike
2-1: Ball
3-1: Called Strike
3-2: Base on Balls
Clancy Booker to second
Batting: RHB Rafael Canales 0-0: Foul Ball, location: 2F
0-1: Foul Ball, location: 2F
0-2: Grounds into double play, 2-6-3 (Groundball, 2R)
Clancy Booker to third
Batting: RHB Nick Bowman 0-0: Ball
1-0: Called Strike
1-1: DOUBLE (Flyball, 78XD)
Clancy Booker scores
Batting: LHB Alberto Gómez 0-0: Ball
1-0: Foul Ball, location: 2F
1-1: Foul Ball, location: 2F
1-2: Fly out, F7 (Flyball, 78S)
Bottom of the 5th over - 1 run(s), 2 hit(s), 0 error(s), 1 left on base; Amarillo 2 - Trenton 13
TOP OF THE 6TH
Amarillo Archdukes batting - Pitching for Trenton Stars : RHP Juan Aguilar
Batting: SHB Víctor Serrano 0-0: Swinging Strike
0-1: Ball
1-1: Ball
2-1: Ball
3-1: Swinging Strike
3-2: Base on Balls
Batting: LHB Ethan Marshall 0-0: Ball
1-0: Ball
2-0: Fly out, F8 (Flyball, 8LD)
Batting: RHB Jorge Espinosa 0-0: Fly out, F8 (Flyball, 8LD)
Batting: RHB Mark Roy 0-0: Ball
1-0: Called Strike
1-1: Swinging Strike
1-2: Strikes out swinging
Top of the 6th over - 0 run(s), 0 hit(s), 0 error(s), 1 left on base; Amarillo 2 - Trenton 13
BOTTOM OF THE 6TH
Trenton Stars batting - Pitching for Amarillo Archdukes : RHP Álex Serrea
Pitching: LHP Glenn Dunn
Batting: SHB Rafael Villa 0-0: Ball
1-0: Ball
2-0: Called Strike
2-1: Foul Ball, location: 2F
2-2: Fly out, F8 (Flyball, 8LD)
Batting: LHB Felipe Guerrero 0-0: Ball
1-0: Ball
2-0: Fly out, F8 (Flyball, 8RM)
Batting: RHB Felipe Olivas 0-0: Called Strike
0-1: Ball
1-1: SINGLE (Line Drive, 6D)
Batting: RHB Salvador Gonzáles 0-0: Ground out 6-3 (Groundball, 6)
Bottom of the 6th over - 0 run(s), 1 hit(s), 0 error(s), 1 left on base; Amarillo 2 - Trenton 13
TOP OF THE 7TH
Amarillo Archdukes batting - Pitching for Trenton Stars : RHP Juan Aguilar
Batting: RHB Dong-kwan Han 0-0: Called Strike
0-1: Fly out, F9 (Flyball, 9M)
Batting: RHB Matt Richards 0-0: Ball
1-0: Foul Ball, location: 2F
1-1: Ball
2-1: DOUBLE (Flyball, 9LS)
Batting: SHB Chris Griffith 0-0: Ball
1-0: Ball
2-0: Ball
3-0: Base on Balls
Batting: RHB Ron James 0-0: Ball
1-0: Swinging Strike
1-1: Swinging Strike
1-2: Ball
2-2: Strikes out swinging
Batting: LHB Chris Pryor 0-0: Swinging Strike
0-1: Ball
1-1: Ball
Passed Ball!
Matt Richards to third
Chris Griffith to second
2-1: Foul Ball, location: 2F
2-2: Strikes out swinging
Top of the 7th over - 0 run(s), 1 hit(s), 0 error(s), 2 left on base; Amarillo 2 - Trenton 13
BOTTOM OF THE 7TH
Trenton Stars batting - Pitching for Amarillo Archdukes : LHP Glenn Dunn
Batting: RHB Clancy Booker 0-0: Ball
1-0: Called Strike
1-1: SINGLE (Groundball, 6MD)
Batting: LHB Ju-wei Shiu 0-0: Ball
1-0: Called Strike
1-1: Foul Ball, location: 2F
1-2: Ball
2-2: Fielders Choice at 2nd, 3-6 (Groundball, 34)
Batting: RHB Rafael Canales 0-0: Ball
1-0: Swinging Strike
1-1: SINGLE (Line Drive, 56D)
Ju-wei Shiu to second
Batting: RHB Nick Bowman 0-0: Called Strike
0-1: Ball
1-1: DOUBLE (Flyball, 8LXD)
Ju-wei Shiu scores
Rafael Canales to third
Batting: LHB Alberto Gómez 0-0: Called Strike
0-1: Ball
1-1: Ball
2-1: Foul Ball, location: 2F
2-2: Fly out, F8 (Flyball, 8RM)
Batting: SHB Rafael Villa 0-0: Ball
1-0: Fly out, F9 (Flyball, 9M)
Bottom of the 7th over - 1 run(s), 3 hit(s), 0 error(s), 2 left on base; Amarillo 2 - Trenton 14
TOP OF THE 8TH
Amarillo Archdukes batting - Pitching for Trenton Stars : RHP Juan Aguilar
Pitching: RHP Alfredo Ruíz
Now at 3B: Kenji Murayama
Batting: SHB Víctor Serrano 0-0: Called Strike
0-1: Ball
1-1: Called Strike
1-2: Foul Ball, location: 2F
1-2: Strikes out swinging
Batting: LHB Ethan Marshall 0-0: Ball
1-0: Ground out 4-3 (Groundball, 13)
Batting: RHB Jorge Espinosa 0-0: Swinging Strike
0-1: Ball
1-1: Swinging Strike
1-2: Ball
2-2: Strikes out swinging
Top of the 8th over - 0 run(s), 0 hit(s), 0 error(s), 0 left on base; Amarillo 2 - Trenton 14
BOTTOM OF THE 8TH
Trenton Stars batting - Pitching for Amarillo Archdukes : LHP Glenn Dunn
Batting: LHB Felipe Guerrero 0-0: Foul Ball, location: 2F
0-1: Called Strike
0-2: Foul Ball, location: 2F
0-2: SINGLE (Line Drive, 4M)
Pitching: RHP Artie Byrne
Batting: RHB Felipe Olivas 0-0: Ball
1-0: Called Strike
1-1: Foul Ball, location: 2F
1-2: Ball
2-2: SINGLE (Line Drive, 4MD)
Felipe Guerrero to second
Batting: RHB Salvador Gonzáles 0-0: Called Strike
0-1: Called Strike
0-2: SINGLE (Line Drive, 89S)
Felipe Guerrero to third
Felipe Olivas to second
Runner from 3rd tries for Home, throw and OUT!
Batting: RHB Clancy Booker 0-0: Ball
1-0: Ball
2-0: Ball
3-0: Base on Balls
Felipe Olivas to third
Salvador Gonzáles to second
Pinch Hitting: RHB Joe Fisher 0-0: Foul Ball, location: 2F
0-1: Ball
1-1: DOUBLE (Line Drive, 9LM)
Felipe Olivas scores
Salvador Gonzáles scores
Clancy Booker to third
Batting: RHB Rafael Canales 0-0: Hit by Pitch
Batting: RHB Nick Bowman 0-0: Called Strike
0-1: Swinging Strike
0-2: Ball
1-2: Ball
2-2: Ball
3-2: Base on Balls
Clancy Booker scores
Joe Fisher to third
Rafael Canales to second
Batting: LHB Alberto Gómez 0-0: Called Strike
Balk!
Joe Fisher scores
Rafael Canales to third
Nick Bowman to second
0-1: Foul Ball, location: 2F
0-2: Strikes out looking
Pitching: LHP Ramón Santos
Batting: RHB Kenji Murayama 0-0: Ball
1-0: SINGLE (Line Drive, 56)
Rafael Canales scores
Nick Bowman to third
Runner from 3rd tries for Home, SAFE, no throw or cutoff
Batting: LHB Felipe Guerrero 0-0: Ball
1-0: Foul Ball, location: 2F
1-1: Ball
2-1: Foul Ball, location: 2F
2-2: Reached on error, E4 (Groundball, 34)
Kenji Murayama to third
Batting: RHB Felipe Olivas 0-0: Swinging Strike
0-1: Swinging Strike
0-2: Strikes out swinging
Bottom of the 8th over - 6 run(s), 5 hit(s), 1 error(s), 2 left on base; Amarillo 2 - Trenton 20
TOP OF THE 9TH
Amarillo Archdukes batting - Pitching for Trenton Stars : RHP Alfredo Ruíz
Now at 2B: José Barajas
Batting: RHB Mark Roy 0-0: Ball
1-0: Swinging Strike
1-1: Foul Ball, location: 2F
1-2: Strikes out swinging
Batting: RHB Dong-kwan Han 0-0: Called Strike
0-1: Ball
1-1: Ball
2-1: DOUBLE (Flyball, 78XD)
Batting: RHB Matt Richards 0-0: Ball
1-0: Ground out 6-3 (Groundball, 6)
Dong-kwan Han to third
Batting: SHB Chris Griffith 0-0: Ball
1-0: Ball
2-0: SINGLE (Groundball, 6M)
Dong-kwan Han scores
Batting: RHB Ron James 0-0: Ball
Pickoff Throw to First - Out!
Top of the 9th over - 1 run(s), 2 hit(s), 0 error(s), 0 left on base; Amarillo 3 - Trenton 20
This league is powered by Out of the Park Baseball, the baseball management simulation game for PC, Mac and Linux
Tuesday, August 2nd, 2016 - OOTP Baseball 16.8 Build 38